[ PARTIDA AOE2 · #472383197 ]
UnrankedMagiares vs Vietnamese
[ ANÁLISIS DE REPETICIÓN · EXTRAÍDO DE LA PARTIDA GRABADA ]
Feudal
8:55
Castillos
—
Imperial
—
| APM promedio | 54.2 |
| APM pico | 94 |
| eAPM promedio | 23.2 |
| Aldeanos / militares | 61 / 37 |
Foco
⚔️ 43.7% · 🌾 56.3%
Scout Cavalry ×37
Feudal
10:01
Castillos
—
Imperial
—
| APM promedio | 61.1 |
| APM pico | 96 |
| eAPM promedio | 29.4 |
| Aldeanos / militares | 50 / 42 |
Foco
⚔️ 35.9% · 🌾 64.1%
Archer ×40 · Spearman ×2
Feudal
8:52
Castillos
24:03
Imperial
—
| APM promedio | 45.6 |
| APM pico | 71 |
| eAPM promedio | 19.3 |
| Aldeanos / militares | 47 / 41 |
Foco
⚔️ 30.3% · 🌾 69.7%
Archer ×41
Feudal
9:06
Castillos
—
Imperial
—
| APM promedio | 68.1 |
| APM pico | 132 |
| eAPM promedio | 17.3 |
| Aldeanos / militares | 56 / 55 |
Foco
⚔️ 28.4% · 🌾 71.6%
Scout Cavalry ×55
Feudal
8:26
Castillos
21:00
Imperial
—
| APM promedio | 59.5 |
| APM pico | 103 |
| eAPM promedio | 28.3 |
| Aldeanos / militares | 59 / 27 |
Foco
⚔️ 41.8% · 🌾 58.2%
Scout Cavalry ×16 · Knight ×11
Feudal
9:31
Castillos
—
Imperial
—
| APM promedio | 59.0 |
| APM pico | 116 |
| eAPM promedio | 29.4 |
| Aldeanos / militares | 49 / 46 |
Foco
⚔️ 61.2% · 🌾 38.8%
Archer ×46
Feudal
9:04
Castillos
—
Imperial
—
| APM promedio | 62.4 |
| APM pico | 91 |
| eAPM promedio | 18.4 |
| Aldeanos / militares | 49 / 33 |
Foco
⚔️ 33.1% · 🌾 66.9%
Scout Cavalry ×33
Feudal
9:18
Castillos
—
Imperial
—
| APM promedio | 55.3 |
| APM pico | 89 |
| eAPM promedio | 23.0 |
| Aldeanos / militares | 42 / 55 |
Foco
⚔️ 31.0% · 🌾 69.0%
Archer ×55
Mapa de la partida
Recursos iniciales + cada clic de construcción. Líneas = muros · curvas = relieve. ◆ oro · ⬟ piedra · ● bayas · ✦ reliquia · ◌ hueco del cierre
Tu base· Abierta — flanco sin cerrar
Base de [AHOU] Ezio Auditore Da Firenze· ✓ Cerrada en 21:53 · 34t muro · 1 puerta(s)
Base de hK | Islamey· Abierta — hueco de 2t
Base de Babouche· Abierta — flanco sin cerrar
Base de hK | ChossMx· Abierta — hueco de 5t
Base de Hugo4774· Abierta — flanco sin cerrar
Base de Coco Bongo· Abierta — flanco sin cerrar
Base de KOF Bzazel· Abierta — flanco sin cerrar
Terreno inicial suavizado · ◌ = hueco del cierre detectado · pasá el cursor para detalles
Inputs por minuto
— hK | AnubiS - - [AHOU] Ezio Auditore Da Firenze
Build order — hK | AnubiS
Primeras 150 de 159 acciones detectadas
| 0:00 | Crear | Villager (Male) |
| 0:01 | Crear | Villager (Male) |
| 0:02 | Construir | House |
| 0:03 | Construir | House |
| 0:19 | Crear | Villager (Male) |
| 0:29 | Crear | Villager (Male) |
| 1:31 | Crear | Villager (Male) |
| 2:02 | Crear | Villager (Male) |
| 2:02 | Crear | Villager (Male) |
| 2:04 | Construir | Lumber Camp |
| 2:38 | Crear | Villager (Male) |
| 2:38 | Crear | Villager (Male) |
| 2:38 | Crear | Villager (Male) |
| 3:13 | Crear | Villager (Male) |
| 3:13 | Crear | Villager (Male) |
| 3:49 | Crear | Villager (Male) |
| 3:50 | Crear | Villager (Male) |
| 3:55 | Construir | House |
| 4:01 | Crear | Villager (Male) |
| 4:10 | Crear | Villager (Male) |
| 4:10 | Crear | Villager (Male) |
| 4:22 | Construir | Mill |
| 4:38 | Crear | Villager (Male) |
| 4:38 | Crear | Villager (Male) |
| 4:48 | Crear | Villager (Male) |
| 4:48 | Crear | Villager (Male) |
| 5:19 | Investigar | Loom |
| 5:34 | Crear | Villager (Male) |
| 5:35 | Crear | Villager (Male) |
| 5:36 | Crear | Villager (Male) |
| 6:06 | Crear | Villager (Male) |
| 6:45 | Investigar | Feudal Age |
| 7:17 | Construir | Barracks |
| 7:25 | Construir | House |
| 8:08 | Crear | Villager (Male) |
| 8:55 | Edad | Edad Feudal |
| 8:57 | Construir | Stable |
| 8:59 | Investigar | Double-Bit Axe |
| 9:02 | Investigar | Horse Collar |
| 9:03 | Crear | Villager (Male) |
| 9:36 | Construir | House |
| 9:40 | Construir | House |
| 9:44 | Crear | Scout Cavalry |
| 9:53 | Crear | Villager (Male) |
| 10:23 | Crear | Scout Cavalry |
| 10:28 | Construir | Farm |
| 10:28 | Construir | Farm |
| 10:29 | Construir | Farm |
| 10:34 | Crear | Villager (Male) |
| 10:42 | Construir | House |
| 11:05 | Crear | Villager (Male) |
| 11:09 | Construir | Farm |
| 11:12 | Construir | Farm |
| 11:24 | Crear | Scout Cavalry |
| 11:41 | Crear | Villager (Male) |
| 11:54 | Construir | Farm |
| 11:55 | Crear | Villager (Male) |
| 11:57 | Crear | Scout Cavalry |
| 11:58 | Crear | Scout Cavalry |
| 12:07 | Construir | Farm |
| 12:12 | Crear | Villager (Male) |
| 12:28 | Construir | Blacksmith |
| 12:41 | Crear | Villager (Male) |
| 12:42 | Crear | Villager (Male) |
| 12:45 | Crear | Scout Cavalry |
| 13:17 | Crear | Scout Cavalry |
| 13:17 | Crear | Scout Cavalry |
| 13:23 | Construir | Farm |
| 13:23 | Construir | Farm |
| 13:40 | Crear | Villager (Male) |
| 13:43 | Construir | Farm |
| 13:45 | Construir | Farm |
| 13:46 | Construir | Farm |
| 13:53 | Crear | Scout Cavalry |
| 14:04 | Crear | Villager (Male) |
| 14:17 | Crear | Scout Cavalry |
| 14:18 | Crear | Villager (Male) |
| 14:22 | Construir | Stable |
| 14:25 | Construir | House |
| 14:26 | Construir | House |
| 14:28 | Construir | House |
| 14:30 | Construir | Palisade Wall |
| 14:37 | Crear | Scout Cavalry |
| 14:39 | Crear | Villager (Male) |
| 14:40 | Crear | Villager (Male) |
| 14:49 | Construir | Palisade Wall |
| 14:50 | Crear | Villager (Male) |
| 14:56 | Crear | Scout Cavalry |
| 15:04 | Construir | Farm |
| 15:05 | Construir | Farm |
| 15:06 | Crear | Villager (Male) |
| 15:13 | Crear | Scout Cavalry |
| 15:15 | Crear | Villager (Male) |
| 15:17 | Construir | House |
| 15:38 | Crear | Scout Cavalry |
| 15:41 | Crear | Scout Cavalry |
| 16:16 | Investigar | Scale Barding Armor |
| 16:17 | Investigar | Scale Barding Armor |
| 16:31 | Crear | Scout Cavalry |
| 16:36 | Construir | Farm |
| 16:36 | Construir | Farm |
| 16:36 | Construir | Farm |
| 16:36 | Construir | Farm |
| 16:37 | Construir | Farm |
| 16:47 | Construir | House |
| 16:54 | Crear | Scout Cavalry |
| 16:55 | Crear | Villager (Male) |
| 16:58 | Construir | Farm |
| 16:59 | Crear | Villager (Male) |
| 17:12 | Crear | Villager (Male) |
| 17:16 | Crear | Scout Cavalry |
| 17:34 | Construir | Mill |
| 17:38 | Construir | House |
| 17:44 | Crear | Scout Cavalry |
| 17:47 | Crear | Villager (Male) |
| 17:56 | Crear | Scout Cavalry |
| 17:59 | Construir | House |
| 18:03 | Construir | Palisade Wall |
| 18:30 | Crear | Scout Cavalry |
| 18:30 | Crear | Scout Cavalry |
| 18:42 | Crear | Scout Cavalry |
| 18:43 | Crear | Villager (Male) |
| 18:43 | Crear | Villager (Male) |
| 18:59 | Crear | Villager (Male) |
| 19:02 | Construir | Mining Camp |
| 19:04 | Crear | Villager (Male) |
| 19:27 | Crear | Scout Cavalry |
| 19:27 | Crear | Scout Cavalry |
| 19:50 | Crear | Villager (Male) |
| 20:09 | Crear | Villager (Male) |
| 20:25 | Crear | Scout Cavalry |
| 20:31 | Crear | Scout Cavalry |
| 20:31 | Crear | Scout Cavalry |
| 20:56 | Crear | Scout Cavalry |
| 20:57 | Crear | Villager (Male) |
| 20:58 | Crear | Villager (Male) |
| 21:05 | Construir | House |
| 21:18 | Crear | Scout Cavalry |
| 21:19 | Crear | Villager (Male) |
| 21:23 | Construir | House |
| 21:24 | Construir | House |
| 21:26 | Construir | Palisade Wall |
| 21:38 | Crear | Scout Cavalry |
| 21:40 | Investigar | Bloodlines |
| 22:06 | Crear | Scout Cavalry |
| 22:06 | Crear | Scout Cavalry |
| 22:17 | Crear | Villager (Male) |
| 22:17 | Crear | Villager (Male) |
| 22:35 | Crear | Villager (Male) |
| 22:41 | Construir | Lumber Camp |
Build order — [AHOU] Ezio Auditore Da Firenze
Primeras 150 de 157 acciones detectadas
| 0:01 | Crear | Villager (Male) |
| 0:02 | Construir | House |
| 0:03 | Construir | House |
| 0:09 | Crear | Villager (Male) ×3 |
| 1:25 | Crear | Villager (Male) |
| 1:49 | Crear | Villager (Male) |
| 2:10 | Construir | Lumber Camp |
| 2:25 | Crear | Villager (Male) |
| 2:45 | Crear | Villager (Male) |
| 3:09 | Crear | Villager (Male) |
| 3:10 | Crear | Villager (Male) |
| 3:29 | Crear | Villager (Male) |
| 3:29 | Crear | Villager (Male) |
| 3:42 | Construir | House |
| 3:49 | Crear | Villager (Male) |
| 4:14 | Crear | Villager (Male) |
| 4:25 | Crear | Villager (Male) |
| 4:25 | Crear | Villager (Male) |
| 4:50 | Construir | Mill |
| 5:01 | Crear | Villager (Male) |
| 5:28 | Crear | Villager (Male) |
| 5:29 | Crear | Villager (Male) |
| 5:32 | Crear | Villager (Male) |
| 5:32 | Crear | Villager (Male) |
| 5:32 | Investigar | Loom |
| 6:15 | Construir | House |
| 7:11 | Crear | Villager (Male) |
| 7:23 | Construir | Mining Camp |
| 7:51 | Investigar | Feudal Age |
| 7:51 | Investigar | Feudal Age |
| 8:16 | Construir | Barracks |
| 8:41 | Construir | House |
| 8:44 | Construir | Palisade Wall |
| 8:50 | Construir | Palisade Wall |
| 8:53 | Construir | Palisade Wall |
| 8:53 | Construir | Palisade Wall |
| 8:53 | Construir | Palisade Wall |
| 9:37 | Crear | Villager (Male) |
| 10:01 | Edad | Edad Feudal |
| 10:03 | Construir | Archery Range |
| 10:05 | Crear | Spearman |
| 10:17 | Investigar | Double-Bit Axe |
| 10:18 | Crear | Villager (Male) |
| 10:29 | Construir | Blacksmith |
| 10:30 | Construir | Palisade Wall |
| 10:38 | Construir | Palisade Wall |
| 10:42 | Crear | Spearman |
| 10:44 | Crear | Villager (Male) |
| 10:59 | Construir | Archery Range |
| 11:05 | Crear | Archer |
| 11:13 | Construir | House |
| 11:22 | Investigar | Fletching |
| 11:22 | Crear | Archer |
| 11:36 | Crear | Villager (Male) |
| 11:37 | Crear | Villager (Male) |
| 11:43 | Construir | Palisade Wall |
| 11:44 | Construir | Palisade Wall |
| 11:45 | Construir | Palisade Gate |
| 11:46 | Crear | Archer ×2 |
| 11:52 | Crear | Archer |
| 12:01 | Construir | Mill |
| 12:08 | Crear | Archer |
| 12:16 | Construir | Palisade Wall |
| 12:18 | Construir | Palisade Wall |
| 12:22 | Crear | Villager (Male) |
| 12:26 | Crear | Archer |
| 12:50 | Crear | Villager (Male) |
| 12:50 | Crear | Villager (Male) |
| 12:53 | Crear | Archer |
| 12:56 | Construir | House |
| 13:05 | Crear | Archer |
| 13:17 | Construir | House |
| 13:30 | Crear | Archer |
| 13:54 | Crear | Archer |
| 14:07 | Crear | Archer |
| 14:07 | Crear | Archer |
| 14:08 | Crear | Villager (Male) |
| 14:08 | Crear | Villager (Male) |
| 14:14 | Construir | House |
| 14:30 | Crear | Archer ×2 |
| 14:39 | Crear | Villager (Male) |
| 14:39 | Crear | Villager (Male) |
| 14:41 | Construir | Farm |
| 14:45 | Construir | House |
| 14:55 | Crear | Archer |
| 14:58 | Crear | Villager (Male) |
| 15:05 | Crear | Archer |
| 15:08 | Construir | Farm |
| 15:13 | Construir | Market |
| 15:18 | Crear | Archer |
| 15:59 | Crear | Archer |
| 15:59 | Crear | Archer |
| 16:01 | Crear | Villager (Male) |
| 16:01 | Crear | Villager (Male) |
| 16:04 | Crear | Archer ×2 |
| 16:10 | Construir | House |
| 16:15 | Construir | Farm |
| 16:20 | Crear | Archer |
| 16:34 | Investigar | Padded Archer Armor |
| 16:38 | Crear | Archer |
| 16:39 | Crear | Archer |
| 17:04 | Crear | Archer |
| 17:05 | Crear | Archer |
| 17:13 | Crear | Villager (Male) |
| 17:18 | Crear | Villager (Male) |
| 17:20 | Construir | Farm |
| 17:20 | Construir | Farm |
| 17:30 | Crear | Archer |
| 17:31 | Crear | Villager (Male) |
| 17:43 | Construir | House |
| 17:44 | Crear | Archer |
| 17:48 | Construir | Farm |
| 17:50 | Construir | Farm |
| 18:10 | Crear | Archer |
| 18:18 | Construir | Farm |
| 18:19 | Crear | Villager (Male) |
| 18:20 | Construir | House |
| 18:23 | Crear | Archer |
| 18:23 | Crear | Archer |
| 18:26 | Construir | House |
| 18:40 | Crear | Archer |
| 18:42 | Crear | Villager (Male) |
| 18:44 | Construir | Farm |
| 18:54 | Crear | Villager (Male) |
| 18:56 | Construir | Farm |
| 18:58 | Construir | House |
| 19:10 | Crear | Archer |
| 19:10 | Crear | Archer |
| 19:14 | Investigar | Wheelbarrow |
| 19:20 | Construir | House |
| 19:30 | Construir | Farm |
| 19:52 | Crear | Villager (Male) |
| 19:54 | Crear | Archer |
| 19:54 | Crear | Archer |
| 19:55 | Construir | Farm |
| 20:01 | Crear | Villager (Male) |
| 20:04 | Investigar | Horse Collar |
| 20:14 | Construir | House |
| 20:16 | Crear | Archer |
| 20:26 | Crear | Villager (Male) |
| 20:28 | Construir | Farm |
| 20:51 | Crear | Archer |
| 21:03 | Crear | Villager (Male) |
| 21:05 | Construir | Farm |
| 21:32 | Crear | Villager (Male) |
| 21:35 | Construir | Farm |
| 21:53 | Investigar | Castle Age |
| 22:06 | Construir | Farm |
| 22:24 | Construir | Palisade Wall |
| 22:34 | Construir | Archery Range |
Build order — hK | Islamey
146 acciones detectadas en el replay
| 0:01 | Crear | Villager (Male) |
| 0:01 | Crear | Villager (Male) |
| 0:02 | Crear | Villager (Male) |
| 0:02 | Crear | Villager (Male) |
| 0:03 | Construir | House |
| 0:04 | Construir | House |
| 1:23 | Crear | Villager (Male) |
| 1:55 | Crear | Villager (Male) |
| 1:57 | Construir | Lumber Camp |
| 2:23 | Crear | Villager (Male) |
| 2:23 | Crear | Villager (Male) |
| 2:55 | Crear | Villager (Male) |
| 2:56 | Crear | Villager (Male) |
| 3:17 | Crear | Villager (Male) |
| 3:30 | Construir | House |
| 4:07 | Crear | Villager (Male) |
| 4:07 | Crear | Villager (Male) |
| 4:29 | Construir | Mill |
| 4:55 | Crear | Villager (Male) |
| 5:24 | Crear | Villager (Male) |
| 5:29 | Crear | Villager (Male) |
| 6:04 | Investigar | Loom |
| 6:05 | Investigar | Loom |
| 6:42 | Investigar | Feudal Age |
| 7:08 | Construir | Lumber Camp |
| 8:16 | Crear | Villager (Male) |
| 8:20 | Construir | Barracks |
| 8:37 | Construir | House |
| 8:41 | Crear | Villager (Male) |
| 8:52 | Edad | Edad Feudal |
| 9:10 | Crear | Villager (Male) |
| 9:13 | Construir | Archery Range |
| 9:14 | Crear | Villager (Male) |
| 9:34 | Construir | House |
| 9:45 | Construir | Mining Camp |
| 10:11 | Crear | Villager (Male) |
| 10:16 | Construir | Archery Range |
| 10:27 | Crear | Archer |
| 10:40 | Crear | Villager (Male) |
| 10:45 | Construir | Palisade Wall |
| 10:49 | Construir | Palisade Wall |
| 10:59 | Crear | Archer |
| 11:15 | Construir | House |
| 11:23 | Construir | Blacksmith |
| 11:33 | Crear | Villager (Male) |
| 11:36 | Crear | Archer |
| 11:53 | Crear | Villager (Male) |
| 11:57 | Construir | House |
| 11:59 | Construir | House |
| 12:02 | Investigar | Fletching |
| 12:05 | Crear | Archer |
| 12:05 | Crear | Archer |
| 12:08 | Construir | Palisade Wall |
| 12:10 | Construir | Palisade Wall |
| 12:31 | Crear | Archer |
| 12:39 | Crear | Villager (Male) |
| 12:39 | Crear | Villager (Male) |
| 12:40 | Crear | Villager (Male) |
| 13:17 | Crear | Archer |
| 13:17 | Crear | Archer |
| 13:18 | Crear | Archer |
| 13:19 | Crear | Archer |
| 13:20 | Crear | Villager (Male) |
| 13:30 | Crear | Villager (Male) |
| 13:30 | Crear | Villager (Male) |
| 13:35 | Construir | Mill |
| 13:46 | Crear | Archer |
| 13:46 | Crear | Archer |
| 14:12 | Crear | Archer |
| 14:38 | Crear | Archer |
| 14:38 | Crear | Archer |
| 14:38 | Crear | Villager (Male) |
| 15:17 | Crear | Archer |
| 15:18 | Crear | Archer |
| 15:28 | Crear | Villager (Male) |
| 15:29 | Crear | Villager (Male) |
| 15:29 | Crear | Villager (Male) |
| 15:38 | Crear | Archer |
| 15:39 | Crear | Archer |
| 15:56 | Construir | Palisade Wall |
| 16:19 | Crear | Archer |
| 16:19 | Crear | Archer |
| 16:19 | Crear | Archer |
| 16:20 | Crear | Villager (Male) |
| 16:20 | Crear | Villager (Male) |
| 16:20 | Crear | Villager (Male) |
| 16:41 | Construir | House |
| 16:42 | Construir | House |
| 16:52 | Investigar | Wheelbarrow |
| 16:52 | Investigar | Wheelbarrow |
| 16:59 | Investigar | Horse Collar |
| 17:05 | Crear | Archer |
| 17:06 | Crear | Archer |
| 17:15 | Crear | Archer |
| 17:15 | Crear | Archer |
| 17:27 | Crear | Villager (Male) |
| 17:27 | Crear | Villager (Male) |
| 17:27 | Crear | Villager (Male) |
| 17:30 | Construir | Farm |
| 17:31 | Construir | Farm |
| 17:32 | Construir | Farm |
| 17:33 | Construir | Farm |
| 17:35 | Construir | Farm |
| 17:36 | Construir | Farm |
| 17:52 | Crear | Archer |
| 17:52 | Crear | Archer |
| 18:09 | Crear | Archer |
| 18:46 | Crear | Villager (Male) |
| 18:46 | Crear | Villager (Male) |
| 18:46 | Crear | Villager (Male) |
| 18:55 | Crear | Archer |
| 18:56 | Crear | Archer |
| 18:56 | Crear | Archer |
| 19:30 | Construir | House |
| 19:33 | Construir | Farm |
| 19:34 | Construir | Farm |
| 19:34 | Construir | Farm |
| 19:34 | Construir | Farm |
| 19:35 | Construir | Farm |
| 19:35 | Crear | Villager (Male) |
| 19:41 | Construir | Market |
| 19:52 | Crear | Archer |
| 19:52 | Crear | Archer |
| 20:17 | Crear | Archer |
| 20:17 | Crear | Archer |
| 20:23 | Construir | Palisade Wall |
| 20:25 | Construir | Palisade Wall |
| 20:27 | Construir | Palisade Wall |
| 20:29 | Crear | Archer |
| 20:30 | Crear | Archer |
| 20:39 | Crear | Villager (Male) |
| 21:23 | Investigar | Castle Age |
| 22:29 | Construir | Archery Range |
| 22:31 | Construir | House |
| 22:31 | Construir | House |
| 22:41 | Crear | Archer |
| 22:41 | Crear | Archer |
| 22:51 | Construir | Watch Tower |
| 23:26 | Crear | Villager (Male) |
| 23:57 | Construir | Mining Camp |
| 23:59 | Crear | Archer |
| 24:03 | Edad | Edad de los Castillos |
| 24:06 | Investigar | Bodkin Arrow |
| 24:07 | Investigar | Crossbowman (upgrade) |
| 24:13 | Construir | University |
| 24:20 | Crear | Villager (Male) |
Build order — Babouche
Primeras 150 de 171 acciones detectadas
| 0:01 | Crear | Villager (Male) |
| 0:01 | Crear | Villager (Male) |
| 0:02 | Crear | Villager (Male) |
| 0:02 | Crear | Villager (Male) |
| 0:02 | Crear | Villager (Male) |
| 0:03 | Construir | House |
| 0:06 | Construir | House |
| 1:21 | Crear | Villager (Male) |
| 1:21 | Crear | Villager (Male) |
| 1:49 | Crear | Villager (Male) |
| 2:02 | Construir | Lumber Camp |
| 2:12 | Crear | Villager (Male) |
| 2:12 | Crear | Villager (Male) |
| 2:36 | Crear | Villager (Male) |
| 2:36 | Crear | Villager (Male) |
| 3:15 | Crear | Villager (Male) |
| 3:15 | Crear | Villager (Male) |
| 3:19 | Construir | House |
| 3:40 | Crear | Villager (Male) |
| 3:40 | Crear | Villager (Male) |
| 3:52 | Crear | Villager (Male) |
| 3:52 | Crear | Villager (Male) |
| 4:14 | Crear | Villager (Male) |
| 4:15 | Crear | Villager (Male) |
| 4:43 | Construir | Mill |
| 4:49 | Crear | Villager (Male) |
| 4:53 | Construir | House |
| 5:02 | Crear | Villager (Male) |
| 5:25 | Crear | Villager (Male) |
| 5:58 | Crear | Villager (Male) |
| 6:11 | Investigar | Loom |
| 6:56 | Investigar | Feudal Age |
| 7:28 | Construir | Barracks |
| 7:54 | Construir | Palisade Wall |
| 8:33 | Crear | Villager (Male) |
| 8:34 | Crear | Villager (Male) |
| 9:06 | Edad | Edad Feudal |
| 9:08 | Construir | Stable |
| 9:10 | Investigar | Double-Bit Axe |
| 9:17 | Construir | Palisade Wall |
| 9:29 | Crear | Villager (Male) |
| 9:42 | Construir | Palisade Wall |
| 9:55 | Crear | Villager (Male) |
| 10:06 | Construir | Mill |
| 10:07 | Crear | Scout Cavalry |
| 10:13 | Construir | House |
| 10:25 | Crear | Scout Cavalry |
| 10:44 | Crear | Scout Cavalry |
| 10:58 | Construir | Palisade Wall |
| 11:02 | Crear | Villager (Male) |
| 11:03 | Crear | Villager (Male) |
| 11:06 | Construir | Farm |
| 11:10 | Construir | Farm |
| 11:14 | Construir | Farm |
| 11:17 | Crear | Scout Cavalry |
| 11:34 | Crear | Villager (Male) |
| 11:39 | Construir | House |
| 11:49 | Construir | Palisade Wall |
| 11:59 | Crear | Scout Cavalry |
| 12:03 | Construir | House |
| 12:06 | Crear | Villager (Male) |
| 12:10 | Construir | Farm |
| 12:26 | Construir | Farm |
| 12:27 | Crear | Villager (Male) |
| 12:32 | Crear | Scout Cavalry |
| 12:44 | Construir | Palisade Gate |
| 12:48 | Crear | Villager (Male) |
| 12:56 | Construir | Farm |
| 13:13 | Crear | Scout Cavalry |
| 13:13 | Crear | Scout Cavalry |
| 13:25 | Crear | Villager (Male) |
| 13:29 | Construir | House |
| 13:43 | Crear | Scout Cavalry |
| 13:53 | Construir | Farm |
| 13:53 | Construir | Farm |
| 13:53 | Construir | Farm |
| 14:01 | Crear | Scout Cavalry |
| 14:09 | Crear | Villager (Male) |
| 14:10 | Crear | Villager (Male) |
| 14:28 | Crear | Scout Cavalry |
| 14:36 | Crear | Villager (Male) |
| 14:38 | Construir | Farm |
| 14:38 | Construir | Farm |
| 15:05 | Crear | Villager (Male) |
| 15:10 | Crear | Villager (Male) |
| 15:17 | Crear | Scout Cavalry |
| 15:22 | Construir | Farm |
| 15:24 | Construir | Farm |
| 15:25 | Crear | Villager (Male) |
| 15:28 | Construir | Farm |
| 15:48 | Crear | Scout Cavalry |
| 15:48 | Crear | Scout Cavalry |
| 15:58 | Crear | Villager (Male) |
| 16:23 | Crear | Scout Cavalry |
| 16:37 | Construir | Stable |
| 16:42 | Crear | Scout Cavalry |
| 16:45 | Crear | Villager (Male) |
| 16:55 | Construir | Palisade Wall |
| 17:07 | Crear | Scout Cavalry |
| 17:14 | Crear | Villager (Male) |
| 17:32 | Crear | Scout Cavalry |
| 17:34 | Crear | Villager (Male) |
| 17:44 | Crear | Scout Cavalry ×2 |
| 17:44 | Crear | Scout Cavalry ×2 |
| 17:50 | Construir | House |
| 17:51 | Construir | House |
| 18:04 | Crear | Villager (Male) |
| 18:07 | Construir | Mining Camp |
| 18:16 | Construir | Stable |
| 18:20 | Crear | Scout Cavalry |
| 18:27 | Crear | Villager (Male) |
| 18:31 | Construir | Farm |
| 18:34 | Construir | Farm |
| 18:36 | Construir | Farm |
| 18:40 | Crear | Scout Cavalry |
| 18:40 | Crear | Scout Cavalry |
| 18:54 | Construir | Farm |
| 18:55 | Construir | Farm |
| 18:58 | Crear | Scout Cavalry |
| 18:58 | Crear | Scout Cavalry |
| 19:07 | Construir | House |
| 19:14 | Construir | Lumber Camp |
| 19:19 | Construir | Palisade Wall |
| 19:23 | Construir | Palisade Wall |
| 19:26 | Crear | Scout Cavalry |
| 19:26 | Crear | Scout Cavalry |
| 19:41 | Crear | Scout Cavalry |
| 19:45 | Crear | Villager (Male) |
| 19:45 | Crear | Villager (Male) |
| 19:57 | Crear | Villager (Male) |
| 20:09 | Crear | Scout Cavalry |
| 20:09 | Crear | Scout Cavalry |
| 20:13 | Construir | House |
| 20:14 | Crear | Villager (Male) |
| 20:22 | Construir | House |
| 20:42 | Crear | Scout Cavalry |
| 20:42 | Crear | Scout Cavalry ×2 |
| 20:43 | Crear | Scout Cavalry |
| 20:48 | Construir | House |
| 21:08 | Investigar | Bloodlines |
| 21:21 | Crear | Scout Cavalry |
| 21:21 | Crear | Scout Cavalry |
| 21:44 | Crear | Scout Cavalry |
| 21:44 | Crear | Scout Cavalry |
| 21:50 | Crear | Villager (Male) |
| 21:50 | Crear | Villager (Male) |
| 21:54 | Construir | Blacksmith |
| 22:08 | Crear | Villager (Male) |
| 22:20 | Crear | Scout Cavalry |
| 22:21 | Crear | Scout Cavalry |
Build order — hK | ChossMx
Primeras 150 de 167 acciones detectadas
| 0:01 | Crear | Villager (Male) |
| 0:02 | Construir | House |
| 0:04 | Construir | House |
| 0:05 | Crear | Villager (Male) |
| 0:05 | Crear | Villager (Male) |
| 0:11 | Crear | Villager (Male) |
| 0:11 | Crear | Villager (Male) |
| 1:22 | Crear | Villager (Male) |
| 1:22 | Crear | Villager (Male) |
| 1:54 | Crear | Villager (Male) |
| 1:54 | Crear | Villager (Male) |
| 2:31 | Crear | Villager (Male) |
| 2:34 | Construir | Mill |
| 2:46 | Crear | Villager (Male) |
| 3:24 | Crear | Villager (Male) |
| 3:25 | Crear | Villager (Male) |
| 3:35 | Construir | House |
| 3:41 | Crear | Villager (Male) |
| 3:41 | Crear | Villager (Male) |
| 4:06 | Crear | Villager (Male) |
| 4:07 | Crear | Villager (Male) |
| 4:14 | Crear | Villager (Male) |
| 4:14 | Crear | Villager (Male) |
| 4:38 | Crear | Villager (Male) |
| 4:38 | Crear | Villager (Male) |
| 4:45 | Construir | Lumber Camp |
| 4:48 | Crear | Villager (Male) |
| 5:11 | Investigar | Loom |
| 6:19 | Investigar | Feudal Age |
| 6:19 | Investigar | Feudal Age |
| 7:14 | Construir | House |
| 7:32 | Construir | Barracks |
| 8:11 | Crear | Villager (Male) |
| 8:26 | Edad | Edad Feudal |
| 8:28 | Construir | Stable |
| 8:35 | Investigar | Double-Bit Axe |
| 8:35 | Investigar | Double-Bit Axe |
| 8:40 | Crear | Villager (Male) |
| 8:45 | Construir | House |
| 8:58 | Construir | Mill |
| 9:02 | Crear | Villager (Male) |
| 9:04 | Crear | Scout Cavalry |
| 9:04 | Crear | Scout Cavalry |
| 9:26 | Construir | House |
| 9:30 | Crear | Villager (Male) |
| 9:56 | Crear | Villager (Male) |
| 9:58 | Crear | Scout Cavalry |
| 10:01 | Construir | Farm |
| 10:15 | Construir | Blacksmith |
| 10:18 | Construir | Palisade Wall |
| 10:23 | Crear | Villager (Male) |
| 10:23 | Crear | Scout Cavalry |
| 10:35 | Construir | Farm |
| 10:44 | Crear | Villager (Male) |
| 10:58 | Crear | Scout Cavalry |
| 11:05 | Crear | Villager (Male) |
| 11:07 | Construir | Farm |
| 11:13 | Construir | Farm |
| 11:34 | Crear | Villager (Male) |
| 11:37 | Construir | House |
| 11:40 | Construir | Palisade Wall |
| 11:42 | Construir | Palisade Wall |
| 11:46 | Crear | Villager (Male) |
| 11:47 | Construir | Farm |
| 11:50 | Crear | Scout Cavalry |
| 12:00 | Crear | Villager (Male) |
| 12:05 | Construir | Farm |
| 12:16 | Crear | Scout Cavalry |
| 12:25 | Construir | House |
| 12:27 | Construir | House |
| 12:33 | Construir | Farm |
| 12:37 | Crear | Scout Cavalry |
| 12:51 | Crear | Villager (Male) |
| 12:54 | Construir | Farm |
| 13:03 | Crear | Villager (Male) |
| 13:08 | Crear | Villager (Male) |
| 13:27 | Crear | Scout Cavalry |
| 13:30 | Construir | Farm |
| 13:30 | Construir | Farm |
| 13:33 | Construir | Farm |
| 13:34 | Construir | Farm |
| 13:53 | Crear | Villager (Male) |
| 13:55 | Construir | Farm |
| 13:59 | Construir | Farm |
| 14:02 | Construir | Farm |
| 14:07 | Construir | Farm |
| 14:08 | Construir | Farm |
| 14:21 | Investigar | Scale Barding Armor |
| 14:21 | Investigar | Scale Barding Armor |
| 14:32 | Crear | Villager (Male) |
| 14:35 | Construir | Farm |
| 14:48 | Construir | Farm |
| 14:58 | Crear | Villager (Male) |
| 15:04 | Investigar | Forging |
| 15:07 | Construir | Farm |
| 15:07 | Crear | Villager (Male) |
| 15:19 | Crear | Scout Cavalry |
| 15:34 | Crear | Villager (Male) |
| 15:45 | Construir | Mining Camp |
| 15:47 | Crear | Scout Cavalry |
| 15:58 | Crear | Scout Cavalry |
| 16:05 | Crear | Scout Cavalry |
| 16:05 | Crear | Villager (Male) |
| 16:10 | Construir | Farm |
| 16:13 | Construir | Farm |
| 16:20 | Investigar | Wheelbarrow |
| 16:20 | Investigar | Wheelbarrow |
| 16:46 | Construir | Farm |
| 17:18 | Crear | Villager (Male) |
| 17:58 | Crear | Villager (Male) |
| 18:18 | Construir | Stable |
| 18:24 | Construir | Palisade Wall |
| 18:34 | Investigar | Castle Age |
| 18:35 | Investigar | Castle Age |
| 18:37 | Crear | Scout Cavalry |
| 19:03 | Construir | House |
| 19:05 | Construir | Farm |
| 19:06 | Investigar | Horse Collar |
| 19:09 | Investigar | Gold Mining |
| 19:09 | Investigar | Gold Mining |
| 19:15 | Crear | Scout Cavalry |
| 19:15 | Crear | Scout Cavalry |
| 19:34 | Construir | House |
| 19:45 | Investigar | Bloodlines |
| 20:02 | Construir | House |
| 20:04 | Construir | Palisade Wall |
| 20:04 | Construir | Palisade Wall |
| 20:37 | Construir | House |
| 21:00 | Edad | Edad de los Castillos |
| 21:02 | Crear | Villager (Male) |
| 21:03 | Investigar | Light Cavalry (upgrade) |
| 21:03 | Investigar | Husbandry |
| 21:04 | Investigar | Chain Barding Armor |
| 21:13 | Construir | Town Center |
| 21:20 | Crear | Knight |
| 21:25 | Crear | Villager (Male) |
| 21:52 | Crear | Knight |
| 21:53 | Crear | Knight |
| 22:04 | Crear | Villager (Male) |
| 22:20 | Crear | Knight |
| 22:34 | Crear | Villager (Male) |
| 22:35 | Crear | Knight |
| 22:35 | Crear | Knight |
| 22:42 | Construir | Town Center |
| 22:48 | Crear | Villager (Male) |
| 22:53 | Crear | Knight |
| 22:54 | Crear | Villager (Male) |
| 23:02 | Crear | Villager (Male) |
| 23:04 | Investigar | Bow Saw |
| 23:04 | Crear | Villager (Male) |
Build order — Hugo4774
Primeras 150 de 155 acciones detectadas
| 0:01 | Crear | Villager (Male) ×4 |
| 0:02 | Construir | House |
| 0:03 | Construir | House |
| 1:28 | Crear | Villager (Male) |
| 1:48 | Construir | Lumber Camp |
| 1:57 | Crear | Villager (Male) |
| 1:58 | Crear | Villager (Male) |
| 2:28 | Crear | Villager (Male) |
| 2:54 | Crear | Villager (Male) |
| 3:18 | Crear | Villager (Male) |
| 3:18 | Crear | Villager (Male) |
| 3:49 | Crear | Villager (Male) |
| 3:54 | Construir | House |
| 4:16 | Crear | Villager (Male) |
| 4:27 | Crear | Villager (Male) |
| 4:45 | Crear | Villager (Male) |
| 5:28 | Crear | Villager (Male) |
| 5:28 | Crear | Villager (Male) |
| 5:46 | Crear | Villager (Male) |
| 5:46 | Crear | Villager (Male) |
| 6:01 | Construir | House |
| 6:11 | Construir | Mining Camp |
| 6:35 | Investigar | Loom |
| 7:21 | Investigar | Feudal Age |
| 7:21 | Investigar | Feudal Age |
| 8:17 | Construir | Barracks |
| 8:41 | Construir | Mill |
| 8:42 | Crear | Villager (Male) |
| 9:31 | Edad | Edad Feudal |
| 9:32 | Construir | Archery Range |
| 9:34 | Construir | Archery Range |
| 9:37 | Investigar | Double-Bit Axe |
| 9:39 | Crear | Villager (Male) |
| 10:22 | Construir | House |
| 10:24 | Construir | Palisade Wall |
| 10:25 | Crear | Villager (Male) |
| 10:37 | Crear | Villager (Male) |
| 10:40 | Crear | Archer |
| 10:40 | Crear | Archer |
| 10:45 | Construir | House |
| 10:49 | Construir | Palisade Wall |
| 10:53 | Construir | Blacksmith |
| 11:04 | Crear | Archer |
| 11:15 | Construir | Palisade Wall |
| 11:15 | Construir | Palisade Wall |
| 11:16 | Construir | Palisade Wall |
| 11:16 | Construir | Palisade Wall |
| 11:20 | Crear | Archer |
| 11:22 | Crear | Villager (Male) |
| 11:22 | Crear | Villager (Male) |
| 11:26 | Construir | Palisade Wall |
| 11:33 | Construir | Palisade Wall |
| 11:45 | Crear | Villager (Male) |
| 11:48 | Crear | Archer |
| 12:02 | Construir | House |
| 12:04 | Crear | Archer |
| 12:10 | Construir | Farm |
| 12:15 | Construir | Mill |
| 12:22 | Investigar | Fletching |
| 12:22 | Investigar | Fletching |
| 12:36 | Construir | Palisade Wall |
| 12:51 | Crear | Archer |
| 12:51 | Crear | Archer |
| 12:56 | Crear | Villager (Male) |
| 13:24 | Crear | Archer |
| 13:25 | Crear | Archer |
| 13:27 | Construir | Farm |
| 13:27 | Construir | Farm |
| 13:27 | Construir | Farm |
| 13:34 | Construir | House |
| 13:34 | Crear | Villager (Male) |
| 13:34 | Crear | Villager (Male) |
| 13:35 | Crear | Villager (Male) |
| 13:48 | Construir | House |
| 13:48 | Construir | Palisade Wall |
| 14:08 | Crear | Archer |
| 14:08 | Crear | Archer |
| 14:08 | Crear | Archer |
| 14:25 | Crear | Archer |
| 14:25 | Crear | Archer |
| 14:26 | Crear | Villager (Male) |
| 14:26 | Crear | Villager (Male) |
| 14:38 | Crear | Archer |
| 14:49 | Crear | Archer |
| 15:06 | Investigar | Padded Archer Armor |
| 15:17 | Crear | Villager (Male) |
| 15:18 | Construir | Archery Range |
| 15:23 | Crear | Villager (Male) |
| 15:26 | Crear | Villager (Male) |
| 15:32 | Construir | Farm |
| 15:34 | Construir | House |
| 15:34 | Construir | Palisade Wall |
| 15:40 | Crear | Archer |
| 15:40 | Crear | Archer |
| 15:58 | Construir | House |
| 16:04 | Crear | Archer |
| 16:16 | Crear | Archer |
| 16:40 | Crear | Archer |
| 16:42 | Crear | Archer |
| 16:43 | Crear | Archer |
| 16:50 | Crear | Archer |
| 16:50 | Crear | Villager (Male) |
| 16:50 | Crear | Villager (Male) |
| 16:52 | Construir | House |
| 16:53 | Crear | Villager (Male) |
| 16:54 | Crear | Archer |
| 17:03 | Construir | Palisade Wall |
| 17:10 | Crear | Archer |
| 17:11 | Crear | Archer |
| 17:13 | Crear | Archer |
| 17:15 | Investigar | Town Watch |
| 17:22 | Crear | Archer |
| 17:33 | Construir | Palisade Wall |
| 17:41 | Construir | House |
| 17:48 | Construir | Farm |
| 18:01 | Construir | House |
| 18:03 | Crear | Archer |
| 18:04 | Crear | Archer |
| 18:09 | Construir | Palisade Wall |
| 18:11 | Construir | House |
| 18:12 | Crear | Villager (Male) |
| 18:25 | Crear | Archer |
| 18:38 | Crear | Archer |
| 18:38 | Crear | Archer |
| 18:45 | Crear | Villager (Male) |
| 18:56 | Construir | House |
| 19:12 | Crear | Archer |
| 19:33 | Crear | Villager (Male) |
| 19:34 | Crear | Villager (Male) |
| 20:06 | Construir | Palisade Wall |
| 20:21 | Construir | Palisade Wall |
| 20:23 | Construir | Palisade Wall |
| 20:28 | Crear | Villager (Male) |
| 20:28 | Crear | Villager (Male) |
| 20:35 | Construir | Lumber Camp |
| 20:43 | Construir | Palisade Wall |
| 20:52 | Crear | Archer |
| 21:25 | Crear | Archer |
| 21:27 | Crear | Villager (Male) |
| 21:33 | Construir | Mining Camp |
| 21:35 | Construir | Market |
| 21:59 | Crear | Villager (Male) |
| 22:06 | Crear | Archer |
| 22:08 | Crear | Villager (Male) |
| 22:28 | Crear | Archer |
| 22:28 | Crear | Archer |
| 22:47 | Crear | Archer |
| 22:48 | Crear | Archer |
| 22:52 | Crear | Villager (Male) |
| 22:53 | Crear | Archer |
Build order — Coco Bongo
Primeras 150 de 152 acciones detectadas
| 0:01 | Crear | Villager (Male) |
| 0:01 | Crear | Villager (Male) |
| 0:02 | Construir | House |
| 0:03 | Construir | House |
| 0:12 | Crear | Villager (Male) |
| 0:21 | Crear | Villager (Male) |
| 1:25 | Crear | Villager (Male) |
| 1:46 | Construir | Lumber Camp |
| 1:54 | Crear | Villager (Male) |
| 1:54 | Crear | Villager (Male) |
| 2:25 | Crear | Villager (Male) |
| 2:53 | Crear | Villager (Male) |
| 2:53 | Crear | Villager (Male) |
| 3:09 | Crear | Villager (Male) |
| 3:39 | Crear | Villager (Male) |
| 3:39 | Crear | Villager (Male) |
| 3:55 | Construir | House |
| 4:09 | Crear | Villager (Male) |
| 4:09 | Crear | Villager (Male) |
| 4:21 | Construir | Mill |
| 4:50 | Crear | Villager (Male) |
| 4:50 | Crear | Villager (Male) |
| 4:50 | Crear | Villager (Male) |
| 5:42 | Crear | Villager (Male) |
| 6:11 | Investigar | Loom |
| 6:54 | Investigar | Feudal Age |
| 6:54 | Investigar | Feudal Age |
| 7:15 | Construir | Barracks |
| 8:00 | Construir | House |
| 8:41 | Crear | Villager (Male) |
| 8:51 | Crear | Villager (Male) |
| 9:04 | Edad | Edad Feudal |
| 9:06 | Construir | Stable |
| 9:12 | Construir | Palisade Wall |
| 9:19 | Construir | House |
| 9:21 | Construir | Palisade Wall |
| 9:23 | Investigar | Double-Bit Axe |
| 9:38 | Crear | Villager (Male) |
| 9:47 | Crear | Scout Cavalry |
| 9:50 | Crear | Villager (Male) |
| 10:06 | Construir | Farm |
| 10:07 | Construir | Farm |
| 10:09 | Construir | Farm |
| 10:18 | Crear | Scout Cavalry |
| 10:31 | Construir | Farm |
| 10:34 | Construir | Farm |
| 10:39 | Crear | Villager (Male) |
| 10:46 | Construir | House |
| 10:48 | Construir | Palisade Wall |
| 10:57 | Crear | Scout Cavalry |
| 11:02 | Construir | Palisade Wall |
| 11:09 | Construir | Palisade Wall |
| 11:14 | Crear | Villager (Male) |
| 11:14 | Crear | Villager (Male) |
| 11:16 | Construir | Farm |
| 11:27 | Crear | Villager (Male) |
| 11:39 | Construir | Farm |
| 11:46 | Crear | Scout Cavalry |
| 11:54 | Construir | Farm |
| 11:56 | Crear | Villager (Male) |
| 12:10 | Construir | House |
| 12:15 | Construir | Farm |
| 12:17 | Crear | Scout Cavalry |
| 12:23 | Construir | Palisade Wall |
| 12:29 | Crear | Villager (Male) |
| 13:15 | Crear | Villager (Male) |
| 13:17 | Crear | Scout Cavalry |
| 13:21 | Construir | Mining Camp |
| 13:23 | Construir | House |
| 13:32 | Crear | Villager (Male) |
| 13:33 | Crear | Scout Cavalry |
| 14:08 | Crear | Villager (Male) |
| 14:09 | Crear | Scout Cavalry |
| 14:28 | Crear | Scout Cavalry |
| 14:29 | Crear | Villager (Male) |
| 14:31 | Construir | Farm |
| 14:37 | Construir | Blacksmith |
| 14:39 | Construir | Farm |
| 14:49 | Construir | Palisade Wall |
| 14:51 | Construir | Palisade Wall |
| 14:54 | Crear | Scout Cavalry |
| 14:55 | Crear | Villager (Male) |
| 15:22 | Crear | Villager (Male) |
| 15:24 | Construir | Farm |
| 15:31 | Construir | House |
| 15:39 | Construir | Palisade Wall |
| 15:44 | Construir | Farm |
| 15:50 | Crear | Villager (Male) |
| 15:55 | Construir | Palisade Wall |
| 16:12 | Crear | Villager (Male) |
| 16:14 | Construir | Farm |
| 16:16 | Construir | Farm |
| 16:25 | Crear | Scout Cavalry |
| 16:42 | Crear | Villager (Male) |
| 16:44 | Construir | Farm |
| 16:55 | Crear | Scout Cavalry |
| 17:01 | Crear | Villager (Male) |
| 17:25 | Crear | Scout Cavalry |
| 17:25 | Crear | Villager (Male) |
| 17:32 | Construir | Stable |
| 17:38 | Investigar | Scale Barding Armor |
| 17:46 | Crear | Scout Cavalry |
| 17:48 | Crear | Villager (Male) |
| 17:50 | Construir | Farm |
| 17:53 | Construir | Farm |
| 18:02 | Crear | Scout Cavalry |
| 18:07 | Crear | Villager (Male) |
| 18:21 | Construir | Palisade Wall |
| 18:42 | Crear | Scout Cavalry |
| 18:43 | Crear | Scout Cavalry |
| 18:51 | Crear | Villager (Male) |
| 19:00 | Crear | Scout Cavalry |
| 19:00 | Crear | Scout Cavalry |
| 19:15 | Construir | Farm |
| 19:15 | Construir | Farm |
| 19:15 | Construir | Farm |
| 19:16 | Construir | Farm |
| 19:16 | Construir | Farm |
| 19:27 | Crear | Scout Cavalry |
| 19:28 | Crear | Villager (Male) |
| 19:35 | Construir | Farm |
| 19:40 | Crear | Scout Cavalry |
| 20:17 | Crear | Scout Cavalry |
| 20:17 | Crear | Scout Cavalry |
| 20:18 | Crear | Villager (Male) |
| 20:19 | Construir | House |
| 20:21 | Construir | Farm |
| 20:22 | Construir | Farm |
| 20:30 | Crear | Scout Cavalry |
| 20:30 | Crear | Scout Cavalry |
| 20:51 | Construir | Watch Tower |
| 20:56 | Construir | House |
| 21:00 | Crear | Scout Cavalry |
| 21:00 | Crear | Scout Cavalry |
| 21:01 | Crear | Villager (Male) |
| 21:03 | Construir | Farm |
| 21:10 | Investigar | Forging |
| 21:24 | Crear | Villager (Male) |
| 21:27 | Construir | Market |
| 21:33 | Crear | Scout Cavalry |
| 21:33 | Crear | Scout Cavalry |
| 21:37 | Construir | House |
| 21:54 | Crear | Villager (Male) |
| 22:01 | Construir | House |
| 22:11 | Crear | Scout Cavalry |
| 22:11 | Crear | Scout Cavalry |
| 22:18 | Crear | Villager (Male) |
| 22:35 | Crear | Scout Cavalry |
| 22:35 | Crear | Scout Cavalry |
| 22:40 | Construir | Stable |
Build order — KOF Bzazel
148 acciones detectadas en el replay
| 0:02 | Construir | House |
| 0:02 | Construir | House |
| 0:03 | Crear | Villager (Male) |
| 0:03 | Crear | Villager (Male) |
| 0:04 | Crear | Villager (Male) |
| 0:04 | Crear | Villager (Male) |
| 1:34 | Crear | Villager (Male) |
| 1:34 | Crear | Villager (Male) |
| 1:57 | Crear | Villager (Male) |
| 1:59 | Construir | Lumber Camp |
| 2:14 | Crear | Villager (Male) |
| 2:15 | Crear | Villager (Male) |
| 2:45 | Crear | Villager (Male) |
| 2:46 | Crear | Villager (Male) |
| 2:50 | Crear | Villager (Male) |
| 3:20 | Crear | Villager (Male) |
| 3:20 | Crear | Villager (Male) |
| 3:28 | Construir | House |
| 3:45 | Crear | Villager (Male) |
| 3:45 | Crear | Villager (Male) |
| 4:09 | Crear | Villager (Male) |
| 4:32 | Crear | Villager (Male) |
| 4:48 | Construir | Mill |
| 5:00 | Crear | Villager (Male) |
| 5:36 | Crear | Villager (Male) |
| 6:10 | Crear | Villager (Male) |
| 6:37 | Investigar | Loom |
| 6:58 | Investigar | Feudal Age |
| 6:58 | Investigar | Feudal Age |
| 7:49 | Construir | Barracks |
| 8:07 | Construir | House |
| 8:09 | Construir | Palisade Wall |
| 8:50 | Construir | Palisade Wall |
| 9:04 | Crear | Villager (Male) |
| 9:18 | Edad | Edad Feudal |
| 9:20 | Construir | Archery Range |
| 9:22 | Construir | Archery Range |
| 9:24 | Crear | Villager (Male) |
| 9:29 | Investigar | Double-Bit Axe |
| 9:33 | Crear | Villager (Male) |
| 9:53 | Construir | Mining Camp |
| 10:18 | Construir | House |
| 10:25 | Crear | Archer |
| 10:26 | Crear | Archer |
| 10:34 | Crear | Villager (Male) |
| 10:41 | Crear | Archer |
| 10:56 | Crear | Villager (Male) |
| 11:06 | Crear | Archer |
| 11:06 | Crear | Archer |
| 11:21 | Construir | Blacksmith |
| 11:31 | Crear | Villager (Male) |
| 11:34 | Crear | Archer |
| 11:34 | Crear | Archer |
| 11:46 | Crear | Archer |
| 11:46 | Crear | Archer |
| 11:48 | Crear | Villager (Male) |
| 11:49 | Crear | Villager (Male) |
| 11:57 | Investigar | Gold Mining |
| 12:06 | Construir | House |
| 12:15 | Crear | Villager (Male) |
| 12:17 | Crear | Archer |
| 12:17 | Crear | Archer |
| 12:17 | Crear | Archer |
| 12:27 | Investigar | Fletching |
| 12:36 | Construir | House |
| 12:40 | Construir | Palisade Wall |
| 12:47 | Crear | Archer |
| 12:47 | Crear | Archer |
| 12:49 | Crear | Archer |
| 12:50 | Crear | Archer |
| 12:52 | Crear | Villager (Male) |
| 12:52 | Crear | Villager (Male) |
| 13:10 | Crear | Archer |
| 13:10 | Crear | Archer |
| 13:19 | Crear | Archer |
| 13:30 | Construir | Farm |
| 13:30 | Construir | Farm |
| 13:31 | Construir | Farm |
| 13:41 | Crear | Archer |
| 13:41 | Crear | Archer |
| 13:48 | Construir | House |
| 14:08 | Construir | Farm |
| 14:09 | Construir | Farm |
| 14:10 | Construir | Farm |
| 14:11 | Crear | Archer |
| 14:11 | Crear | Archer |
| 14:24 | Construir | Palisade Wall |
| 14:50 | Crear | Archer |
| 14:50 | Crear | Archer |
| 15:03 | Crear | Archer |
| 15:04 | Crear | Archer |
| 15:04 | Crear | Archer |
| 15:08 | Investigar | Padded Archer Armor |
| 15:19 | Crear | Archer |
| 15:20 | Crear | Archer |
| 15:59 | Crear | Archer |
| 15:59 | Crear | Archer |
| 16:08 | Construir | Farm |
| 16:09 | Construir | Farm |
| 16:10 | Crear | Villager (Male) |
| 16:10 | Crear | Villager (Male) |
| 16:14 | Construir | Mill |
| 16:16 | Crear | Archer |
| 16:16 | Crear | Archer |
| 16:34 | Crear | Archer |
| 16:35 | Crear | Archer |
| 16:39 | Crear | Villager (Male) |
| 16:39 | Crear | Villager (Male) |
| 17:31 | Crear | Archer |
| 17:32 | Crear | Archer |
| 17:37 | Construir | Archery Range |
| 17:43 | Crear | Archer |
| 17:43 | Crear | Archer |
| 17:46 | Crear | Villager (Male) |
| 17:46 | Crear | Villager (Male) |
| 18:05 | Crear | Archer |
| 18:10 | Construir | House |
| 18:12 | Crear | Archer |
| 18:13 | Crear | Archer |
| 18:17 | Crear | Archer |
| 18:19 | Crear | Villager (Male) |
| 18:20 | Construir | Farm |
| 18:41 | Crear | Archer |
| 18:41 | Crear | Archer |
| 18:45 | Construir | House |
| 19:01 | Crear | Villager (Male) |
| 19:16 | Construir | House |
| 19:56 | Construir | Farm |
| 19:57 | Construir | Farm |
| 20:06 | Crear | Villager (Male) |
| 20:16 | Crear | Archer |
| 20:17 | Crear | Archer |
| 20:21 | Crear | Archer |
| 20:24 | Crear | Villager (Male) |
| 21:33 | Construir | House |
| 21:41 | Construir | Farm |
| 22:06 | Construir | Farm |
| 22:19 | Construir | Market |
| 22:24 | Investigar | Castle Age |
| 22:26 | Crear | Archer |
| 22:26 | Crear | Archer |
| 22:26 | Crear | Archer |
| 22:30 | Construir | House |
| 22:35 | Construir | House |
| 22:43 | Crear | Archer |
| 22:43 | Crear | Archer |
| 22:45 | Crear | Archer |
| 23:30 | Construir | Farm |
Cronología de la partida
| 7:15 | Coco Bongo · first_building Barracks |
| 7:17 | hK | AnubiS · first_building Barracks |
| 7:28 | Babouche · first_building Barracks |
| 7:32 | hK | ChossMx · first_building Barracks |
| 7:49 | KOF Bzazel · first_building Barracks |
| 7:54 | Babouche · wall_segment Palisade Wall x6 |
| 8:09 | KOF Bzazel · wall_segment Palisade Wall x8 |
| 8:16 | [AHOU] Ezio Auditore Da Firenze · first_building Barracks |
| 8:17 | Hugo4774 · first_building Barracks |
| 8:20 | hK | Islamey · first_building Barracks |
| 8:26 | hK | ChossMx · age_up feudal |
| 8:28 | hK | ChossMx · first_building Stable |
| 8:44 | [AHOU] Ezio Auditore Da Firenze · wall_segment Palisade Wall x6 |
| 8:50 | [AHOU] Ezio Auditore Da Firenze · wall_segment Palisade Wall x4 |
| 8:50 | KOF Bzazel · wall_segment Palisade Wall x3 |
| 8:52 | hK | Islamey · age_up feudal |
| 8:53 | [AHOU] Ezio Auditore Da Firenze · wall_segment Palisade Wall x5 |
| 8:53 | [AHOU] Ezio Auditore Da Firenze · wall_segment Palisade Wall x2 |
| 8:53 | [AHOU] Ezio Auditore Da Firenze · wall_segment Palisade Wall x1 |
| 8:55 | hK | AnubiS · age_up feudal |
| 8:57 | hK | AnubiS · first_building Stable |
| 9:04 | Coco Bongo · age_up feudal |
| 9:06 | Babouche · age_up feudal |
| 9:06 | Coco Bongo · first_building Stable |
| 9:08 | Babouche · first_building Stable |
| 9:12 | Coco Bongo · wall_segment Palisade Wall x1 |
| 9:13 | hK | Islamey · first_building Archery Range |
| 9:17 | Babouche · wall_segment Palisade Wall x1 |
| 9:18 | KOF Bzazel · age_up feudal |
| 9:20 | KOF Bzazel · first_building Archery Range |
| 9:21 | Coco Bongo · wall_segment Palisade Wall x7 |
| 9:31 | Hugo4774 · age_up feudal |
| 9:32 | Hugo4774 · first_building Archery Range |
| 9:42 | Babouche · wall_segment Palisade Wall x9 |
| 10:01 | [AHOU] Ezio Auditore Da Firenze · age_up feudal |
| 10:03 | [AHOU] Ezio Auditore Da Firenze · first_building Archery Range |
| 10:18 | hK | ChossMx · wall_segment Palisade Wall x1 |
| 10:24 | Hugo4774 · wall_segment Palisade Wall x2 |
| 10:30 | [AHOU] Ezio Auditore Da Firenze · wall_segment Palisade Wall x1 |
| 10:38 | [AHOU] Ezio Auditore Da Firenze · wall_segment Palisade Wall x1 |
| 10:45 | hK | Islamey · wall_segment Palisade Wall x3 |
| 10:48 | Coco Bongo · wall_segment Palisade Wall x4 |
| 10:49 | hK | Islamey · wall_segment Palisade Wall x1 |
| 10:49 | Hugo4774 · wall_segment Palisade Wall x6 |
| 10:58 | Babouche · wall_segment Palisade Wall x7 |
| 11:02 | Coco Bongo · wall_segment Palisade Wall x2 |
| 11:09 | Coco Bongo · wall_segment Palisade Wall x8 |
| 11:15 | Hugo4774 · wall_segment Palisade Wall x1 |
| 11:15 | Hugo4774 · wall_segment Palisade Wall x1 |
| 11:16 | Hugo4774 · wall_segment Palisade Wall x1 |
| 11:16 | Hugo4774 · wall_segment Palisade Wall x1 |
| 11:26 | Hugo4774 · wall_segment Palisade Wall x9 |
| 11:33 | Hugo4774 · wall_segment Palisade Wall x2 |
| 11:40 | hK | ChossMx · wall_segment Palisade Wall x1 |
| 11:42 | hK | ChossMx · wall_segment Palisade Wall x1 |
| 11:43 | [AHOU] Ezio Auditore Da Firenze · wall_segment Palisade Wall x5 |
| 11:44 | [AHOU] Ezio Auditore Da Firenze · wall_segment Palisade Wall x1 |
| 11:49 | Babouche · wall_segment Palisade Wall x10 |
| 12:08 | hK | Islamey · wall_segment Palisade Wall x15 |
| 12:10 | hK | Islamey · wall_segment Palisade Wall x9 |
| 12:16 | [AHOU] Ezio Auditore Da Firenze · wall_segment Palisade Wall x9 |
| 12:18 | [AHOU] Ezio Auditore Da Firenze · wall_segment Palisade Wall x1 |
| 12:23 | Coco Bongo · wall_segment Palisade Wall x17 |
| 12:36 | Hugo4774 · wall_segment Palisade Wall x3 |
| 12:40 | KOF Bzazel · wall_segment Palisade Wall x12 |
| 13:48 | Hugo4774 · wall_segment Palisade Wall x2 |
| 14:24 | KOF Bzazel · wall_segment Palisade Wall x8 |
| 14:30 | hK | AnubiS · wall_segment Palisade Wall x7 |
| 14:49 | Coco Bongo · wall_segment Palisade Wall x1 |
| 14:49 | hK | AnubiS · wall_segment Palisade Wall x4 |
| 14:51 | Coco Bongo · wall_segment Palisade Wall x1 |
| 15:34 | Hugo4774 · wall_segment Palisade Wall x1 |
| 15:39 | Coco Bongo · wall_segment Palisade Wall x8 |
| 15:55 | Coco Bongo · wall_segment Palisade Wall x10 |
| 15:56 | hK | Islamey · wall_segment Palisade Wall x11 |
| 16:04 | [AHOU] Ezio Auditore Da Firenze · first_market_sell 100 wood |
| 16:55 | Babouche · wall_segment Palisade Wall x10 |
| 17:03 | Hugo4774 · wall_segment Palisade Wall x1 |
| 17:33 | Hugo4774 · wall_segment Palisade Wall x2 |
| 18:03 | hK | AnubiS · wall_segment Palisade Wall x7 |
| 18:09 | Hugo4774 · wall_segment Palisade Wall x1 |
| 18:21 | Coco Bongo · wall_segment Palisade Wall x8 |
| 18:24 | hK | ChossMx · wall_segment Palisade Wall x18 |
| 19:19 | Babouche · wall_segment Palisade Wall x8 |
| 19:23 | Babouche · wall_segment Palisade Wall x6 |
| 20:04 | hK | ChossMx · wall_segment Palisade Wall x1 |
| 20:04 | hK | ChossMx · wall_segment Palisade Wall x1 |
| 20:06 | Hugo4774 · wall_segment Palisade Wall x2 |
| 20:21 | Hugo4774 · wall_segment Palisade Wall x1 |
| 20:23 | Hugo4774 · wall_segment Palisade Wall x1 |
| 20:23 | hK | Islamey · wall_segment Palisade Wall x3 |
| 20:25 | hK | Islamey · wall_segment Palisade Wall x3 |
| 20:27 | hK | Islamey · wall_segment Palisade Wall x8 |
| 20:42 | hK | Islamey · first_market_sell 100 wood |
| 20:43 | Hugo4774 · wall_segment Palisade Wall x3 |
| 20:43 | hK | Islamey · first_market_buy 100 food |
| 21:00 | hK | ChossMx · age_up castle |
| 21:26 | hK | AnubiS · wall_segment Palisade Wall x7 |
| 21:43 | [AHOU] Ezio Auditore Da Firenze · first_market_buy 100 food |
| 22:24 | [AHOU] Ezio Auditore Da Firenze · wall_segment Palisade Wall x1 |
| 23:08 | Hugo4774 · wall_segment Palisade Wall x7 |
| 23:13 | Hugo4774 · first_market_sell 100 wood |
| 23:21 | Coco Bongo · resign |
| 24:03 | hK | Islamey · age_up castle |
[ ANÁLISIS IA · 1 CRÉDITO ]
¿Qué pasó realmente en esta partida?
Wolo.gg analiza cada decisión: build order, eco, micro, errores típicos por bracket. Análisis personalizado por WhatsApp o Discord en 30 segundos.
Guía civ
Magiares
Perfil
Jugador #21313774